 Dungeon Crawl Stone Soup version bcrawl-1.38.3 (webtiles) character file.

Game seed: 12506206004237058779

139576 Morbidden the Ducker (level 5, -4/33 HPs)
             Began as a Fairy Archaeologist on July 2, 2023.
             Engulfed by themself's flame (17 damage)
             ... on level 3 of the Dungeon.
             The game lasted 00:04:34 (2171 turns).

Morbidden the Ducker (Fairy Archaeologist)          Turns: 2171, Time: 00:04:35

Health: -4/33      AC:  9    Str:  9    XL:     5   Next: 5%
Magic:  8/8        EV: 18    Int: 18    God:
Gold:   80         SH:  4    Dex: 11    Spells: 5/6 levels left

rFire    . . .     GDR:     23% a - +1 dagger (vamp)
rCold    . . .     SeeInvis .   (shield restricted)
rNeg     . . .     Gourm    .   (armour unavailable)
rPois    .         Faith    .   c - +1 hat
rElec    .         Spirit   .   x - +0 cloak
rCorr    .         Reflect  .   s - +0 pair of gloves
MR       .....                  d - +1 pair of boots
Stlth    +.........             (no amulet)
HPRegen  0.15/turn              (no ring)
MPRegen  0.11/turn              (no ring)

@: marked, flying evasively, very slightly contaminated
A: small, magic attunement, unstealthy, unfitting armour, able to fly, AC/SH +4
a: Stop Flying


You were on level 3 of the Dungeon.
You were hungry.

You visited 1 branch of the dungeon, and saw 3 of its levels.

You collected 80 gold pieces.

Inventory:

Hand Weapons
 a - a +1 vampiric dagger (weapon)
 b - a +0 blowgun
 g - a +1 antimagic quick blade
Missiles
 h - 6 curare-tipped needles
 t - 67 poisoned needles
Armour
 c - a +1 hat (worn)
 d - a +1 pair of boots (worn)
 s - a +0 pair of gloves (worn)
 x - a +0 cloak (worn)
Wands
 v - a wand of paralysis (10)
Scrolls
 f - a scroll of magic mapping
 i - 2 scrolls of identify
 l - 2 scrolls of remove curse
 r - a scroll of immolation
Potions
 m - 2 potions of brilliance {unknown}
 n - 3 potions of curing {unknown}
 o - a potion of heal wounds {unknown}
 p - a potion of agility {unknown}
 q - a potion of lignification {unknown}
 w - a potion of might {unknown}
Comestibles
 e - 4 rations {!d}
 u - 8 chunks of flesh


   Skills:
 * Level 1.3 Fighting
 * Level 1.5 Short Blades
   Level 0.8 Maces & Flails
 * Level 5.5 Dodging
 + Level 2.9 Stealth
 * Level 1.1 Spellcasting
 * Level 0.7 Conjurations
 * Level 1.2 Evocations


You had 5 spell levels left.
You knew the following spells:

 Your Spells              Type           Power        Failure   Level  Hunger
a - Magic Dart            Conj           #...         16%         1    None

Your spell library contained the following spells:

 Spells                   Type           Power        Failure   Level  Hunger
 Blink                    Tloc           N/A          30%         2    None
 Call Imp                 Summ           #.....       30%         2    None
 Conjure Flame            Conj/Fire      #.......     45%         3    None
 Mephitic Cloud           Conj/Pois/Air  #.......     47%         3    None
 Spider Form              Tmut/Pois      #..          52%         3    None


Dungeon Overview and Level Annotations

Branches:
Dungeon (3/12)

Altars:


Innate Abilities, Weirdness & Mutations

Your spells do not cause hunger and MP costs are reduced by 1.
Your bright wings attract enemies. (Stealth-)
You cannot fit into any form of body armour.
Your shimmering scales are hard and can block incoming attacks. (AC +4, SH +4)
You are small and have problems with some larger weapons.
You can fly continuously.


Message History

You barely miss the rat. The rat misses you.
You hit the rat.
The rat is severely wounded.
The rat completely misses you.
Some of the chunks of flesh in your inventory have rotted away.
You hit the rat but do no damage.
The rat is severely wounded.
You block the rat's attack.
You hit the rat but do no damage.
The rat is severely wounded.
You hit the rat but do no damage.
The rat is severely wounded.
The rat bites you.
You hit the rat.
You feel better.
The rat explodes!
The fiery explosion engulfs you!!
Ouch! That really hurt!
You are engulfed in blazing flames.
Ouch! That really hurt!
You die...

............÷....>..
....................
.................... #
.................... ..
...##.....###......# ...
..............#.#+##...
...................^...
................#.##
.÷..............@§§#
...........?....§§§.....
................§.§.....
########.......##+#.....
# #######.. ..... # .#
.... # .. ... ... ...


There were no monsters in sight!

Vanquished Creatures
  An orc priest (D:3)
  An adder (D:3)
  An ooze (D:3)
  3 worms
  A dart slug (D:1)
  4 leopard geckos
  5 orcs (D:3)
  5 bats
  A giant cockroach (D:2)
  4 goblins
  10 hobgoblins
  3 jackals (D:1)
  4 kobolds
  A quokka (D:2)
  A ball python (D:2)
  4 frilled lizards
  4 rats
53 creatures vanquished.

Notes
Turn   | Place    | Note
-------+----------+-------------------------------------------
     0 | D:1      | Morbidden the Fairy Archaeologist began the quest for the
                  | Orb.
     0 | D:1      | Reached XP level 1. HP: 12/12 MP: 3/3
     8 | D:1      | Reached skill level 1 in Fighting
    50 | D:1      | Reached XP level 2. HP: 18/18 MP: 4/4
   794 | D:2      | Reached XP level 3. HP: 21/23 MP: 5/5
  1202 | D:2      | Reached skill level 5 in Dodging
  1418 | D:2      | Learned a level 1 spell: Magic Dart
  1849 | D:3      | Reached XP level 4. HP: 28/28 MP: 7/7
  1880 | D:3      | Reached skill level 1 in Short Blades
  1880 | D:3      | Reached skill level 1 in Spellcasting
  1880 | D:3      | Reached skill level 1 in Evocations
  2114 | D:3      | Reached XP level 5. HP: 33/33 MP: 8/8
  2114 | D:3      | Identified a scroll of acquirement
  2114 | D:3      | Identified the +1 medium shield "Caschivymm" {*Slow MR+
                  | rCorr} (You acquired it on level 3 of the Dungeon)
  2114 | D:3      | Identified the ring "Iryl" {rCorr SInv} (You acquired it on
                  | level 3 of the Dungeon)
  2171 | D:3      | Engulfed by themself's flame

Skill      XL: |  1  2  3  4 |
---------------+-------------+-----
Fighting       | 1 |  1.3
Dodging        | 5 |  5.5
Short Blades   | 1 |  1.5
Spellcasting   | 1 |  1.1
Evocations     | 1 |  1.2
Maces & Flails | |  0.8
Stealth        | |  2.9
Conjurations   | |  0.7

Action                   |  1- 3 |  4- 6 || total
-------------------------+-------+-------++-------
Melee: Whip              |    82 |       ||    82
       Dagger            |   229 |   103 ||   332
 Cast: Magic Dart        |    11 |    12 ||    23
Evoke: Wand              |       |     1 ||     1
  Use: Scroll            |     1 |     4 ||     5
 Stab: Paralysed         |       |     1 ||     1
  Eat: Chunk             |    12 |     3 ||    15
       Ration            |     1 |       ||     1
Armor: Skin              |    62 |    11 ||    73
Dodge: Dodged            |   274 |    49 ||   323
Block: Other             |    61 |    16 ||    77
